PAAA
BAKERSFIELD NOBLES @ BLOOMINGTON LONGNECKS
07/05/2034
 
TOP OF THE 1ST
Bakersfield Nobles batting - Pitching for Bloomington Longnecks : RHP David Torres
Pitching: RHP David Torres
Batting: RHB Francisco Agámez 0-0: Called Strike
0-1: Ball
1-1: DOUBLE (Line Drive, 7LD)
Batting: LHB Hideki Hisanobu 0-0: Called Strike
0-1: Called Strike
0-2: Ground out 4-3 (Groundball, 4)
Francisco Agámez to third
Batting: RHB Terry John 0-0: Ball
Wild Pitch!
Francisco Agámez scores
1-0: Fly out, F9 (Flyball, 9LMF)
Batting: RHB Yoshihito Samurakami 0-0: Called Strike
0-1: Called Strike
0-2: Ball
1-2: Ball
2-2: SINGLE (Line Drive, 4MD)
Batting: SHB Fernando Luna 0-0: DOUBLE (Line Drive, 89D)
Yoshihito Samurakami to third
Runner from 3rd tries for Home, SAFE, no throw
Batting: LHB Jesús Reyes 0-0: Called Strike
0-1: Ball
1-1: SINGLE (Line Drive, 8RS)
Fernando Luna to third
Batting: RHB Pedro Hernández 0-0: Ball
1-0: Swinging Strike
1-1: Swinging Strike
1-2: Fly out, F7 (Flyball, 7)
Top of the 1st over - 2 runs, 4 hits, 0 errors, 2 left on base; Bakersfield 2 - Bloomington 0
BOTTOM OF THE 1ST
Bloomington Longnecks batting - Pitching for Bakersfield Nobles : LHP Edison Larson
Pitching: LHP Edison Larson
Batting: RHB Tony Martínez 0-0: Called Strike
0-1: Ground out 1-3 (Groundball, 13)
Batting: RHB Frank Crocker 0-0: Foul Ball, location: 2F
0-1: Ball
1-1: Swinging Strike
1-2: Ground out 6-3 (Groundball, 6)
Batting: RHB Bastiaan Pieterse 0-0: Fly out, F8 (Flyball, 8LD)
Bottom of the 1st over - 0 runs, 0 hits, 0 errors, 0 left on base; Bakersfield 2 - Bloomington 0
TOP OF THE 2ND
Bakersfield Nobles batting - Pitching for Bloomington Longnecks : RHP David Torres
Batting: RHB Wade Killefer 0-0: SINGLE (Groundball, 56D)
Batting: LHB Juan Alvarado 0-0: Called Strike
0-1: Foul Ball, location: 2F
0-2: Ball
1-2: Strikes out swinging
Batting: RHB Francisco Agámez 0-0: Called Strike
0-1: Ball
1-1: Ball
2-1: SINGLE (Groundball, 6MD)
Wade Killefer to second
Batting: LHB Hideki Hisanobu 0-0: Swinging Strike
0-1: SINGLE (Line Drive, 78M)
Wade Killefer to third
Francisco Agámez to second
Batting: RHB Terry John 0-0: Ball
1-0: Called Strike
1-1: Ball
2-1: Foul Ball, location: 2F
2-2: SINGLE (Groundball, 56D)
Wade Killefer scores
Francisco Agámez to third
Hideki Hisanobu to second
Runner from 3rd tries for Home, SAFE, throw made home
Batting: RHB Yoshihito Samurakami 0-0: Foul Ball, location: 2F
0-1: Foul Ball, location: 2F
0-2: Ball
1-2: Strikes out swinging
Batting: SHB Fernando Luna 0-0: Foul Ball, location: 2F
0-1: Foul Ball, location: 2F
0-2: Ball
1-2: Foul Ball, location: 2F
1-2: Ground out 3-1 (Groundball, 34)
Top of the 2nd over - 2 runs, 4 hits, 0 errors, 2 left on base; Bakersfield 4 - Bloomington 0
BOTTOM OF THE 2ND
Bloomington Longnecks batting - Pitching for Bakersfield Nobles : LHP Edison Larson
Batting: RHB Miguel Elías 0-0: Ground out 5-3 (Groundball, 56)
Batting: SHB Benedict Patel 0-0: Called Strike
0-1: Foul Ball, location: 2F
0-2: Ball
1-2: Ball
2-2: Ball
3-2: Strikes out looking
Batting: RHB Sébastien Bernard 0-0: SINGLE (Groundball, 4S) (infield hit)
Batting: RHB Lev Migranov 0-0: Called Strike
0-1: Ball
1-1: SINGLE (Groundball, 6MD)
Sébastien Bernard to second
Runner from 2nd tries for 3rd, SAFE, no throw
Batting: RHB Eun-bum Kim 0-0: Called Strike
0-1: Foul Ball, location: 2F
0-2: Ground out 4-3 (Groundball, 4)
Bottom of the 2nd over - 0 runs, 2 hits, 0 errors, 2 left on base; Bakersfield 4 - Bloomington 0
TOP OF THE 3RD
Bakersfield Nobles batting - Pitching for Bloomington Longnecks : RHP David Torres
Batting: LHB Jesús Reyes 0-0: Ball
1-0: Ball
2-0: Ball
3-0: Called Strike
3-1: Base on Balls
Batting: RHB Pedro Hernández 0-0: Foul Ball, location: 2F
0-1: Called Strike
0-2: Ball
1-2: Ball
Wild Pitch!
Jesús Reyes to second
2-2: Foul Ball, location: 2F
2-2: Ground out 5-3 (Groundball, 56)
Batting: RHB Wade Killefer 0-0: Swinging Strike
0-1: Ball
1-1: Ball
2-1: Ball
3-1: Called Strike
3-2: DOUBLE (Line Drive, 7D)
Jesús Reyes scores
Batting: LHB Juan Alvarado 0-0: Called Strike
0-1: SINGLE (Groundball, 34D)
Wade Killefer to third
Batting: RHB Francisco Agámez 0-0: Called Strike
Throwing error on steal attempt, E2
Wade Killefer scores
Juan Alvarado to third
0-1: Called Strike
0-2: Ball
1-2: Ball
2-2: Ground out 6-3 (Groundball, 6)
Juan Alvarado scores
Batting: LHB Hideki Hisanobu 0-0: Foul Ball, location: 2F
0-1: Fly out, F7 (Line Drive, 7)
Top of the 3rd over - 3 runs, 2 hits, 1 error, 0 left on base; Bakersfield 7 - Bloomington 0
BOTTOM OF THE 3RD
Bloomington Longnecks batting - Pitching for Bakersfield Nobles : LHP Edison Larson
Batting: RHB Mike Mays 0-0: Swinging Strike
0-1: Called Strike
0-2: Strikes out swinging
Batting: RHB Tony Martínez 0-0: Ball
1-0: Ball
2-0: Fly out, F8 (Flyball, 8LM)
Batting: RHB Frank Crocker 0-0: Ball
1-0: Ball
2-0: Foul Ball, location: 2F
2-1: Ball
3-1: Foul Ball, location: 2F
3-2: Base on Balls
Batting: RHB Bastiaan Pieterse 0-0: Ball
1-0: Ball
2-0: Fielders Choice at 2nd, 6-4 (Groundball, 6)
Bottom of the 3rd over - 0 runs, 0 hits, 0 errors, 1 left on base; Bakersfield 7 - Bloomington 0
TOP OF THE 4TH
Bakersfield Nobles batting - Pitching for Bloomington Longnecks : RHP David Torres
Batting: RHB Terry John 0-0: Swinging Strike
0-1: Ball
1-1: Ground out 3-1 (Groundball, 34)
Batting: RHB Yoshihito Samurakami 0-0: Called Strike
0-1: Ball
1-1: Ball
2-1: Fly out, F5 (Line Drive, 5S)
Batting: SHB Fernando Luna 0-0: Called Strike
0-1: Fly out, F8 (Flyball, 8RM)
Top of the 4th over - 0 runs, 0 hits, 0 errors, 0 left on base; Bakersfield 7 - Bloomington 0
BOTTOM OF THE 4TH
Bloomington Longnecks batting - Pitching for Bakersfield Nobles : LHP Edison Larson
Batting: RHB Miguel Elías 0-0: SINGLE (Flyball, 89S)
Batting: SHB Benedict Patel 0-0: Ball
1-0: 2-RUN HOME RUN (Flyball, 89XD), Distance : 392 ft
Batting: RHB Sébastien Bernard 0-0: SINGLE (Line Drive, 8LS)
Batting: RHB Lev Migranov 0-0: Ball
1-0: Called Strike
1-1: Grounds into double play, 4-6-3 (Groundball, 4)
Batting: RHB Eun-bum Kim 0-0: Ball
1-0: Called Strike
1-1: Ground out 4-3 (Groundball, 4)
Bottom of the 4th over - 2 runs, 3 hits, 0 errors, 0 left on base; Bakersfield 7 - Bloomington 2
TOP OF THE 5TH
Bakersfield Nobles batting - Pitching for Bloomington Longnecks : RHP David Torres
Batting: LHB Jesús Reyes 0-0: Ball
1-0: Called Strike
1-1: Called Strike
1-2: Strikes out swinging, 2-3 out at first.
Batting: RHB Pedro Hernández 0-0: Called Strike
0-1: Foul Ball, location: 2F
0-2: Ball
1-2: Ball
2-2: Ball
3-2: Foul Ball, location: 2F
3-2: SINGLE (Flyball, 7LS)
Pitching: LHP Gabriel Valenzuela
Batting: RHB Wade Killefer 0-0: Called Strike
0-1: Swinging Strike
0-2: Ball
1-2: Strikes out swinging
Batting: LHB Juan Alvarado 0-0: Swinging Strike
0-1: Ball
1-1: Ground out 4-3 (Groundball, 4M)
Top of the 5th over - 0 runs, 1 hit, 0 errors, 1 left on base; Bakersfield 7 - Bloomington 2
BOTTOM OF THE 5TH
Bloomington Longnecks batting - Pitching for Bakersfield Nobles : LHP Edison Larson
Batting: RHB Mike Mays 0-0: Ball
1-0: DOUBLE (Flyball, 8LXD)
Batting: RHB Tony Martínez 0-0: Ball
1-0: Ball
2-0: SINGLE (Line Drive, 6MD)
Mike Mays to third
Runner from 3rd tries for Home, SAFE, no throw
Batting: RHB Frank Crocker 0-0: Called Strike
0-1: Ball
1-1: Foul Ball, location: 2F
1-2: Grounds into double play, 5-4-3 (Groundball, 56)
Batting: RHB Bastiaan Pieterse 0-0: Foul Ball, location: 2F
0-1: Ground out 6-3 (Groundball, 6)
Bottom of the 5th over - 1 run, 2 hits, 0 errors, 0 left on base; Bakersfield 7 - Bloomington 3
TOP OF THE 6TH
Bakersfield Nobles batting - Pitching for Bloomington Longnecks : LHP Gabriel Valenzuela
Batting: RHB Francisco Agámez 0-0: Called Strike
0-1: Ball
1-1: Foul Ball, location: 2F
1-2: Foul Ball, location: 2F
1-2: Ground out 4-3 (Groundball, 4)
Batting: LHB Hideki Hisanobu 0-0: Called Strike
0-1: Ball
1-1: Called Strike
1-2: Ball
2-2: Foul Ball, location: 2F
2-2: Ball
3-2: DOUBLE (Line Drive, 9LD)
Batting: RHB Terry John 0-0: Ball
1-0: Called Strike
1-1: Called Strike
1-2: Ball
Wild Pitch!
Hideki Hisanobu to third
2-2: Ball
3-2: Strikes out looking
Batting: RHB Yoshihito Samurakami 0-0: Intentional Walk
Batting: SHB Fernando Luna 0-0: Fly out, F4 (Popup, 4M)
Top of the 6th over - 0 runs, 1 hit, 0 errors, 2 left on base; Bakersfield 7 - Bloomington 3
BOTTOM OF THE 6TH
Bloomington Longnecks batting - Pitching for Bakersfield Nobles : LHP Edison Larson
Batting: RHB Miguel Elías 0-0: Ball
1-0: Ball
2-0: Called Strike
2-1: Called Strike
2-2: Ball
3-2: Ground out 6-3 (Groundball, 6)
Batting: SHB Benedict Patel 0-0: Ball
1-0: Ball
2-0: Foul Ball, location: 2F
2-1: Foul Ball, location: 2F
2-2: Ground out 6-3 (Groundball, 6S)
Batting: RHB Sébastien Bernard 0-0: Ground out 5-3 (Groundball, 56S)
Bottom of the 6th over - 0 runs, 0 hits, 0 errors, 0 left on base; Bakersfield 7 - Bloomington 3
TOP OF THE 7TH
Bakersfield Nobles batting - Pitching for Bloomington Longnecks : LHP Gabriel Valenzuela
Batting: LHB Jesús Reyes 0-0: Ball
1-0: Ball
2-0: Fly out, F7 (Flyball, 7S)
Batting: RHB Pedro Hernández 0-0: Swinging Strike
0-1: Foul Ball, location: 2F
0-2: Ball
1-2: SINGLE (Flyball, 7S)
Batting: RHB Wade Killefer 0-0: Foul Ball, location: 2F
0-1: Ball
1-1: Ball
2-1: Swinging Strike
2-2: Ball
3-2: Base on Balls
Pedro Hernández to second
Batting: LHB Juan Alvarado 0-0: Ball
1-0: Ball
Pedro Hernández steals 3rd base
Wade Killefer to second
2-0: Ball
3-0: Called Strike
3-1: Base on Balls
Batting: RHB Francisco Agámez 0-0: Called Strike
0-1: Ball
1-1: Ball
2-1: Foul Ball, location: 2F
2-2: Strikes out swinging
Batting: LHB Hideki Hisanobu 0-0: Ball
1-0: Called Strike
1-1: Swinging Strike
1-2: Ball
2-2: Foul Ball, location: 2F
2-2: Strikes out swinging
Top of the 7th over - 0 runs, 1 hit, 0 errors, 3 left on base; Bakersfield 7 - Bloomington 3
BOTTOM OF THE 7TH
Bloomington Longnecks batting - Pitching for Bakersfield Nobles : LHP Edison Larson
Pitching: RHP Nésto Gago
Batting: RHB Lev Migranov 0-0: Called Strike
0-1: Swinging Strike
0-2: Ball
1-2: Ball
2-2: Strikes out looking
Batting: RHB Eun-bum Kim 0-0: Foul Ball, location: 2F
0-1: Called Strike
0-2: Fly out, F9 (Flyball, 9D)
Batting: RHB Mike Mays 0-0: Ball
1-0: Ball
2-0: Swinging Strike
2-1: Foul Ball, location: 2F
2-2: Ball
3-2: Base on Balls
Batting: RHB Tony Martínez 0-0: Called Strike
0-1: Ball
1-1: Foul Ball, location: 2F
1-2: Foul Ball, location: 2F
1-2: Ball
2-2: Ball
3-2: Base on Balls
Mike Mays to second
Batting: RHB Frank Crocker 0-0: Ball
1-0: Called Strike
1-1: Swinging Strike
1-2: Strikes out swinging
Bottom of the 7th over - 0 runs, 0 hits, 0 errors, 2 left on base; Bakersfield 7 - Bloomington 3
TOP OF THE 8TH
Bakersfield Nobles batting - Pitching for Bloomington Longnecks : LHP Gabriel Valenzuela
Batting: RHB Terry John 0-0: Ball
1-0: Called Strike
1-1: Ball
2-1: Swinging Strike
2-2: Strikes out swinging
Batting: RHB Yoshihito Samurakami 0-0: Ball
1-0: Ball
2-0: Ball
3-0: Base on Balls
Pitching: RHP Pedro Lara
Batting: SHB Fernando Luna 0-0: Ball
1-0: Ball
2-0: Ball
3-0: Called Strike
3-1: Called Strike
3-2: Foul Ball, location: 2F
3-2: Foul Ball, location: 2F
3-2: Base on Balls
Yoshihito Samurakami to second
Batting: LHB Jesús Reyes 0-0: Ball
1-0: Ball
2-0: Ball
3-0: Called Strike
3-1: Fly out, F7 (Line Drive, 78S)
Batting: RHB Pedro Hernández 0-0: Ball
1-0: Called Strike
1-1: Fielders Choice at 2nd, 6-4 (Groundball, 6)
Top of the 8th over - 0 runs, 0 hits, 0 errors, 2 left on base; Bakersfield 7 - Bloomington 3
BOTTOM OF THE 8TH
Bloomington Longnecks batting - Pitching for Bakersfield Nobles : RHP Nésto Gago
Batting: RHB Bastiaan Pieterse 0-0: Called Strike
0-1: Foul Ball, location: 2F
0-2: Strikes out swinging
Batting: RHB Miguel Elías 0-0: Called Strike
0-1: Foul Ball, location: 2F
0-2: Foul Ball, location: 2F
0-2: Ball
1-2: Ground out 4-3 (Groundball, 4)
Batting: SHB Benedict Patel 0-0: Called Strike
0-1: Ball
1-1: Ball
2-1: Swinging Strike
2-2: SINGLE (Line Drive, 8RS)
Pitching: RHP Ralph McKinney
Batting: RHB Sébastien Bernard 0-0: Foul Ball, location: 2F
0-1: Ball
1-1: Swinging Strike
1-2: Ball
2-2: Foul Ball, location: 2F
2-2: Ball
3-2: Fly out, F3 (Popup, 34S)
Bottom of the 8th over - 0 runs, 1 hit, 0 errors, 1 left on base; Bakersfield 7 - Bloomington 3
TOP OF THE 9TH
Bakersfield Nobles batting - Pitching for Bloomington Longnecks : RHP Pedro Lara
Batting: RHB Wade Killefer 0-0: Ball
1-0: Called Strike
1-1: Foul Ball, location: 2F
1-2: Foul Ball, location: 2F
1-2: Foul Ball, location: 2F
1-2: Foul Ball, location: 2F
1-2: Strikes out swinging
Batting: LHB Juan Alvarado 0-0: Called Strike
0-1: Fly out, F6 (Popup, 56)
Batting: RHB Francisco Agámez 0-0: SINGLE (Groundball, 56D)
Batting: LHB Hideki Hisanobu 0-0: Ball
1-0: Fly out, F8 (Flyball, 8LD)
Top of the 9th over - 0 runs, 1 hit, 0 errors, 1 left on base; Bakersfield 7 - Bloomington 3
BOTTOM OF THE 9TH
Bloomington Longnecks batting - Pitching for Bakersfield Nobles : RHP Ralph McKinney
Batting: RHB Lev Migranov 0-0: Called Strike
0-1: Ground out 6-3 (Groundball, 6D)
Batting: RHB Eun-bum Kim 0-0: Ball
1-0: Foul Ball, location: 2F
1-1: Ball
2-1: Called Strike
2-2: Ball
3-2: Foul Ball, location: 2F
3-2: Foul Ball, location: 2F
3-2: Base on Balls
Batting: RHB Mike Mays 0-0: Called Strike
0-1: Foul Ball, location: 2F
0-2: Ball
1-2: Fly out, F9 (Flyball, 89M)
Batting: RHB Tony Martínez 0-0: Ball
1-0: Fly out, F8 (Flyball, 8LM)
Bottom of the 9th over - 0 runs, 0 hits, 0 errors, 1 left on base; Bakersfield 7 - Bloomington 3
Friday, March 29th, 2019 - OOTP Baseball 18.8 Build 76